 Dungeon Crawl Stone Soup version 0.14-a0-2506-gc7bb754 (webtiles) character file.

137 Kae the Firebug (level 4, -9/24 HPs)
             Began as a Tengu Fire Elementalist on Feb 9, 2014.
             Killed by divine providence
             ... invoked by an orc priest
              (15 damage)
             ... on Level 3 of the Dungeon.
             The game lasted 00:03:08 (2130 turns).

Kae the Firebug (Tengu Fire Elementalist)           Turns: 2130, Time: 00:03:08

HP  -9/24        AC  3     Str  8      XL: 4   Next: 31%
MP   3/9         EV 12     Int 17      God:
Gold 62          SH  0     Dex 14      Spells:  1 memorised,  6 levels left

rFire  . . .     SeeInvis .     m - +2,+0 elf dagger
rCold  . . .     Clarity  .     a - +0 robe
rNeg   . . .     Conserve .     (no shield)
rPois  .         rCorr    .     (helmet restricted)
rElec  .         rRot     .     (no cloak)
SustAb . .       Spirit   .     e - +0 pair of gloves
rMut   .         Warding  .     (boots unavailable)
Saprov . . .     Stasis   .     (no amulet)
MR     .....                    (no ring)
                                (no ring)

@: not resistant to hostile enchantments, fairly stealthy
A: beak, talons 3
a: no special abilities


You were on level 3 of the Dungeon.
You were not hungry.

You visited 1 branch of the dungeon, and saw 3 of its levels.

You collected 62 gold pieces.

Inventory:

Hand weapons
 m - a +2,+0 elven dagger (weapon)
Armour
 a - a +0 robe (worn)
 e - a +0 pair of gloves (worn)
Comestibles
 c - a bread ration
 d - an apricot
 j - a choko
 q - a meat ration
 w - an orange
 x - 7 chunks of orc flesh
Scrolls
 f - 3 scrolls of teleportation {unknown}
 g - a scroll of noise {unknown}
 i - 4 scrolls of recharging {unknown}
 k - 3 scrolls of identify {unknown}
 p - a scroll of blinking {unknown}
 r - a scroll of curse armour {unknown}
 s - 2 scrolls of remove curse {unknown}
 t - a scroll of magic mapping {unknown}
 u - a scroll of fear {unknown}
Potions
 h - a potion of agility {unknown}
 l - a potion of curing {unknown}
 n - a potion of brilliance {unknown}
 o - 2 potions of heal wounds {unknown}
 v - a potion of might {unknown}
Books
 b - a book of Flames

   Spells                             Type                      Level
   *Flame Tongue                      Conjuration/Fire             1
   Throw Flame                        Conjuration/Fire             2
   Conjure Flame                      Conjuration/Fire             3
   Inner Flame                        Hexes/Fire                   3
   Sticky Flame                       Conjuration/Fire             4
   Fireball                           Conjuration/Fire             5


   Skills:
 - Level 2.1 Dodging
 - Level 2.0 Stealth
 + Level 2.4 Spellcasting
 * Level 3.2 Conjurations
 * Level 4.4 Fire Magic


You had 6 spell levels left.
You knew the following spells:

 Your Spells              Type           Power        Failure   Level  Hunger
a - Flame Tongue          Conj/Fire      ###..        4%          1    #......


Dungeon Overview and Level Annotations

Branches:
Dungeon (3/16)

Altars:
Makhleb


Innate Abilities, Weirdness & Mutations

You have a beak for a mouth.
You have claws for feet.


Message History

An orc comes into view. It is wielding an orcish flail.
Casting: Flame Tongue
Confirm with . or Enter, or press ? or * to list all spells.
Aiming: Flame Tongue
Press: ? - help, Shift-Dir - straight line, f/p - orc
Aim: an orc, wielding an orcish trident and wearing an orcish leather armour (moderately wounded)
The flame hits the orc.
The orc is lightly wounded.
The orc closely misses you. The orc barely misses you.
Casting: Flame Tongue
Confirm with . or Enter, or press ? or * to list all spells.
Aiming: Flame Tongue
Press: ? - help, Shift-Dir - straight line, f/p - orc
Aim: an orc, wielding an orcish trident and wearing an orcish leather armour (moderately wounded)
The flame misses the orc.
The flame hits the orc.
You kill the orc!
The orc priest invokes the aid of Beogh against you.
Something smites you!
Ouch! That really hurt!
You die...

. #o.## .... #..## .o..
#..# ########).#
.........o.###...
.......%@....?....
#########.####...
...###########.####...
........<%.............
##############%####...
#.# #.# #.#
########(##############


You could see an orc priest and 2 orcs.

Vanquished Creatures
  2 adders (D:2)
  A giant mite (D:3)
  4 orcs
  2 giant cockroaches
  5 goblins
  7 hobgoblins
  2 jackals (D:3)
  8 bats
  A giant newt (D:2)
  7 kobolds
  4 rats
43 creatures vanquished.

Notes
Turn   | Place    | Note
--------------------------------------------------------------
     0 | D:1      | Kae, the Tengu Fire Elementalist, began the quest for the Orb.
     0 | D:1      | Reached XP level 1. HP: 10/10 MP: 3/3
   310 | D:1      | Reached XP level 2. HP: 7/15 MP: 1/5
   806 | D:2      | Reached XP level 3. HP: 19/19 MP: 7/7
   999 | D:2      | Reached skill level 4 in Fire Magic
  1389 | D:2      | Found a burning altar of Makhleb.
  1541 | D:3      | Reached XP level 4. HP: 15/24 MP: 3/9
  2130 | D:3      | Killed from afar by an orc priest

Action                   |  1- 3 |  4- 6 || total
-------------------------+-------+-------++-------
Melee: Unarmed           |    45 |       ||    45
       Dagger            |    37 |     6 ||    43
 Cast: Flame Tongue      |    15 |    19 ||    34
 Stab: Distracted        |     1 |       ||     1
